 Dungeon Crawl Stone Soup version 0.21.1-1-g345015fe64 (webtiles) character file.

7039 underopantsu the Merchant of Misery (level 11, -3/85 HPs)
             Began as a Human Necromancer on July 27, 2018.
             Was a Believer of Kikubaaqudgha.
             Slain by a polar bear (14 damage)
             ... on level 3 of the Lair of Beasts.
             The game lasted 00:59:24 (12710 turns).

underopantsu the Merchant of Misery (HuNe)         Turns: 12710, Time: 00:59:24

Health: -3/85      AC:  4    Str: 11    XL:     11   Next: 29%
Magic:  0/17       EV: 19    Int: 20    God:    Kikubaaqudgha [**....]
Gold:   512        SH:  0    Dex: 15    Spells: 3/18 levels left

rFire    . . .     SeeInvis .   c - +4 whip (elec)
rCold    . . .     Gourm    .   (no shield)
rNeg     . . .     Faith    .   a - +0 robe
rPois    +         Spirit   .   (no helmet)
rElec    .         Reflect  .   (no cloak)
rCorr    .         Harm     .   (no gloves)
MR       .....                  y - +1 pair of boots
Stlth    ++........             (no amulet)
HPRegen  1.24/turn              A - ring of poison resistance
MPRegen  0.15/turn              F - +3 ring of strength

@: lethally poisoned (-3 -> -3), regenerating
A: talons 1, repulsion field 1, clever 1, MP-powered wands
a: Receive Corpses, Renounce Religion


You were on level 3 of the Lair of Beasts.
You worshipped Kikubaaqudgha.
Kikubaaqudgha was pleased with you.
You were very hungry.

You visited 3 branches of the dungeon, and saw 12 of its levels.
You also visited: Sewer and Ice Cave.

You collected 512 gold pieces.

Inventory:

Hand Weapons
 c - a +4 whip of electrocution (weapon)
 g - a +2 whip of venom
 r - a +0 blowgun
 w - a +0 flail of holy wrath
Missiles
 i - 158 stones (quivered)
 t - 43 poisoned needles
Armour
 a - a +0 robe (worn)
 y - a +1 pair of boots (worn)
 J - a cursed +0 buckler
Jewellery
 k - an uncursed ring of ice
 A - a ring of poison resistance (left hand)
 F - a +3 ring of strength (right hand)
Wands
 e - a wand of digging (10)
 B - a wand of flame (23)
Scrolls
 h - a scroll of enchant armour
 j - 2 scrolls of remove curse
 l - 3 scrolls of teleportation
 o - 3 scrolls of identify
 p - a scroll of amnesia
 v - 4 scrolls of immolation
 C - 2 scrolls of enchant weapon
 H - a scroll of holy word
Potions
 f - 3 potions of curing
 m - a potion of magic
 n - a potion of heal wounds
 z - a potion of flight
Books
 b - a book of Necromancy

   Spells                             Type                      Level
   a - Pain                           Necromancy                   1
   b - Animate Skeleton               Necromancy                   1
   c - Vampiric Draining              Necromancy                   3
   d - Regeneration                   Charms/Necromancy            3
   e - Animate Dead                   Necromancy                   4
   f - Borgnjor's Vile Clutch         Necromancy/Earth             5
 d - a book of Air

   Spells                             Type                      Level
   a - Shock                          Conjuration/Air              1
   b - Swiftness                      Charms/Air                   2
   c - Static Discharge               Conjuration/Air              3
   d - Airstrike                      Air                          4
   e - Lightning Bolt                 Conjuration/Air              5
 x - a book of Misfortune

   Spells                             Type                      Level
   a - Confusing Touch                Hexes                        1
   b - Confuse                        Hexes                        3
   c - Gell's Gravitas                Translocation                3
   d - Petrify                        Transmutation/Earth          4
   e - Metabolic Englaciation         Hexes/Ice                    5
   f - Yara's Violent Unravelling     Hexes/Transmutation          5
Comestibles
 q - 10 rations
 s - a chunk of flesh


   Skills:
 + Level 7.6 Fighting
 - Level 7.1 Maces & Flails
 + Level 7.6 Dodging
 - Level 3.1 Stealth
 - Level 4.3 Spellcasting
 + Level 4.5 Charms
 - Level 9.2 Necromancy


You had 3 spell levels left.
You knew the following spells:

 Your Spells              Type           Power        Failure   Level  Hunger
a - Pain                  Necr           ####         1%          1    None
b - Vampiric Draining     Necr           #####.....   1%          3    ###....
c - Confuse               Hex            #.......     36%         3    ###....
d - Sublimation of Blood  Necr           #####.....   1%          2    #......
e - Swiftness             Chrm/Air       ##......     8%          2    #......
k - Animate Skeleton      Necr           N/A          1%          1    None
r - Regeneration          Chrm/Necr      ####......   2%          3    ###....


Dungeon Overview and Level Annotations

Branches:
Dungeon (8/15)             Temple (1/1) D:5            Lair (3/6) D:8
  Swamp: Lair:2-4    Shoals: Lair:2-4     Snake: Lair:2-4    Spider: Lair:2-4

Altars:
Ashenzari
Cheibriados
Dithmenos
Elyvilon
Fedhas
Gozag
Hepliaklqana
Kikubaaqudgha
Makhleb
Nemelex Xobeh
Okawaru
Qazlal
Ru
Sif Muna
Trog
Uskayaw
Vehumet
Wu Jian
Xom
Yredelemnul
Zin
The Shining One

Annotations:
D:2 Natasha
D:4 Sephro's ghost, amateur DsAK
Lair:1 exclusion: hydra
Lair:2 exclusion: electric eel


Innate Abilities, Weirdness & Mutations

You have sharp toenails.
You are surrounded by a mild repulsion field. (EV +2)
Your mind is acute. (Int +2)
You expend magic power (3 MP) to strengthen your wands.


Message History

Okay, then.
You feel sick.
Your bullfrog skeleton hits the polar bear but does no damage.
You feel sick.
Your bullfrog skeleton hits the polar bear but does no damage.
You feel sick.
Your bullfrog skeleton hits the polar bear.
You feel sick.
Your bullfrog skeleton hits the polar bear but does no damage.
Casting: Vampiric Draining
Confirm with . or Enter, or press ? or * to list all spells.
Aiming: Vampiric Draining
Press: ? - help, Shift-Dir - straight line, f/p - polar bear
Aim: a polar bear (severely wounded)
The polar bear is almost dead.
You feel life coursing into your body.
You are feeling very hungry.
You feel sick. The polar bear bites you!
You die...
Kikubaaqudgha rasps: "You have failed me!
Welcome... death!"

..F##.....##.[..###....#
#..##...........# .....
#..##.....#..∩..# #... ..
...###.#...#....###..# .#
#...#..#..#.....##...#### .##
................###..##.##..#
...........................#
...........................#
..............Zh@..........#
...........................#
...........................#
.....#...###...##.#.P##.#..#
...####### #...##.#.#####..##
... #...##......#....# ..
#...............##
+....#..........#
.####.#.##...#


You could see a polar bear and a friendly bullfrog skeleton.

Vanquished Creatures
  A hydra (Lair:2)
  A black mamba (Lair:1)
  3 spiny frogs
  3 rime drakes
  Prince Ribbit (D:5)
  A hippogriff (Lair:1)
  2 basilisks
  A water moccasin (Lair:3)
  3 porcupines (Lair:2)
  Purgy (Sewer)
  5 ice beasts
  2 orc warriors
  A black bear (D:7)
  3 ogres
  4 wolves (Lair:2)
  A centaur (D:5)
  5 crocodiles
  3 bullfrogs
  3 scorpions
  3 killer bees (D:7)
  A crimson imp (D:5)
  A bullfrog zombie (D:7)
  An orc priest (D:7)
  3 hounds
  A centaur skeleton (D:4)
  2 iguanas
  Natasha (twice) (D:2)
  5 orc wizards
  5 worker ants
  A worker ant zombie (D:7)
  A howler monkey zombie (D:6)
  4 gnolls (D:2)
  15 adders
  4 shadow imps
  An ooze (D:4)
  An adder zombie (D:3)
  4 worms
  5 dart slugs
  3 leopard geckos
  26 orcs
  4 giant cockroaches
  7 goblins
  3 hobgoblins
  14 jackals
  4 quokkas
  2 ball pythons (D:5)
  A ball python skeleton (D:6)
  6 bats
  5 frilled lizards
  9 kobolds
  4 rats
192 creatures vanquished.

Vanquished Creatures (collateral kills)
  An ogre (D:7)
  A bullfrog (Lair:2)
  A crimson imp (D:8)
  A leopard gecko (D:7)
  A jackal (D:7)
  A quokka skeleton (D:7)
6 creatures vanquished.

Vanquished Creatures (others)
  A fungus (Lair:3)
  A plant (Lair:3)
2 creatures vanquished.

Grand Total: 200 creatures vanquished

Notes
Turn   | Place    | Note
-------+----------+-------------------------------------------
     0 | D:1      | underopantsu the Human Necromancer began the quest for the Orb.
     0 | D:1      | Reached XP level 1. HP: 13/13 MP: 3/3
   509 | D:1      | Reached XP level 2. HP: 15/19 MP: 0/5
  1363 | D:1      | Reached XP level 3. HP: 23/24 MP: 4/6
  1373 | D:1      | Learned a level 3 spell: Vampiric Draining
  2098 | D:4      | Noticed Sephro's ghost (amateur DsAK)
  2367 | D:2      | Reached XP level 4. HP: 24/30 MP: 1/7
  2428 | D:2      | Reached skill level 5 in Necromancy
  2577 | D:2      | Noticed Natasha
  2594 | D:2      | Killed Natasha
  2594 | D:2      | Reached skill level 1 in Fighting
  2641 | D:2      | Reached XP level 5. HP: 20/37 MP: 4/8
  2832 | D:2      | Noticed Natasha
  3009 | D:2      | Killed Natasha
  3419 | D:2      | Noticed Natasha
  3772 | D:3      | Found a sacrificial altar of Ru.
  4018 | D:3      | Reached XP level 6. HP: 43/44 MP: 7/9
  4046 | D:3      | Reached skill level 1 in Maces & Flails
  4581 | D:3      | Learned a level 1 spell: Animate Skeleton
  4625 | D:4      | Reached skill level 6 in Necromancy
  4847 | D:4      | Noticed an ogre
  4984 | D:4      | Reached XP level 7. HP: 38/50 MP: 3/10
  5228 | D:5      | Entered Level 5 of the Dungeon
  5390 | D:5      | Found a glowing drain.
  5410 | D:5      | Reached skill level 7 in Necromancy
  5599 | Sewer    | Entered a sewer
  5856 | Sewer    | Noticed Purgy
  5865 | Sewer    | Killed Purgy
  5865 | Sewer    | Reached XP level 8. HP: 25/56 MP: 7/11
  6360 | D:5      | Found a staircase to the Ecumenical Temple.
  6360 | D:5      | Noticed Prince Ribbit
  6435 | D:5      | Killed Prince Ribbit
  6435 | D:5      | Reached skill level 5 in Maces & Flails
  6460 | Temple   | Entered the Ecumenical Temple
  6729 | Temple   | Became a worshipper of Kikubaaqudgha
  6864 | D:5      | Learned a level 3 spell: Regeneration
  7211 | D:6      | Reached skill level 8 in Necromancy
  7241 | D:6      | Found a sparkling altar of Nemelex Xobeh.
  7388 | D:6      | Found a radiant altar of Vehumet.
  7900 | D:7      | Found a blossoming altar of Fedhas.
  7961 | D:7      | Reached XP level 9. HP: 47/61 MP: 10/12
  7961 | D:7      | Reached * piety under Kikubaaqudgha
  7961 | D:7      | Identified Kikubaaqudgha's Almanac of Stolen Souls (Kikubaaqudgha gifted it to you on level 7 of the Dungeon)
  7961 | D:7      | Received a gift from Kikubaaqudgha
  7970 | D:7      | Learned a level 2 spell: Sublimation of Blood
  8291 | D:7      | Reached skill level 9 in Necromancy
  9629 | D:8      | Learned a level 3 spell: Confuse
  9821 | D:8      | Found a staircase to the Lair.
  9826 | D:8      | Reached ** piety under Kikubaaqudgha
  9964 | Lair:1   | Entered Level 1 of the Lair of Beasts
  9965 | Lair:1   | Noticed a spiny frog
  9966 | Lair:1   | Noticed a hippogriff
  9975 | D:8      | Gained mutation: You are agile. (Dex +2) [potion of mutation]
  9975 | D:8      | Gained mutation: You are frail. (-10% HP) [potion of mutation]
  9975 | D:8      | Gained mutation: Scrolls take you a little longer to read. [potion of mutation]
  9975 | D:8      | Gained mutation: You have a pair of small horns on your head. [potion of mutation]
  9984 | D:8      | HP: 2/55 [spiny frog (17)]
  9995 | D:8      | Killed a spiny frog
  9995 | D:8      | Reached XP level 10. HP: 31/63 MP: 7/16
 10271 | Lair:1   | Noticed a seven-headed hydra
 10296 | Lair:1   | Noticed a black mamba
 10306 | Lair:1   | Killed a black mamba
 10306 | Lair:1   | Reached skill level 5 in Fighting
 10629 | Lair:1   | Reached skill level 5 in Dodging
 10952 | Lair:2   | Noticed a four-headed hydra
 10952 | Lair:2   | Noticed a spiny frog
 10955 | Lair:1   | Noticed a rime drake
 10965 | Lair:1   | Killed a rime drake
 11122 | Lair:2   | Learned a level 2 spell: Swiftness
 11387 | Lair:2   | Killed a four-headed hydra
 11622 | Lair:2   | Killed a spiny frog
 11985 | Lair:3   | Noticed a spiny frog
 12116 | Lair:3   | Noticed a spiny frog
 12117 | Lair:3   | Noticed a spiny frog
 12143 | Lair:2   | Reached XP level 11. HP: 15/74 MP: 7/17
 12357 | Lair:2   | Lost mutation: You are frail. (-10% HP) [potion of mutation]
 12357 | Lair:2   | Lost mutation: Scrolls take you a little longer to read. [potion of mutation]
 12357 | Lair:2   | Gained mutation: You occasionally shout uncontrollably at your foes. [potion of mutation]
 12357 | Lair:2   | Gained mutation: You are robust. (+10% HP) [potion of mutation]
 12358 | Lair:2   | Lost mutation: You have a pair of small horns on your head. [potion of mutation]
 12358 | Lair:2   | Lost mutation: You are agile. (Dex +2) [potion of mutation]
 12358 | Lair:2   | Lost mutation: You are robust. (+10% HP) [potion of mutation]
 12358 | Lair:2   | Lost mutation: You occasionally shout uncontrollably at your foes. [potion of mutation]
 12358 | Lair:2   | Gained mutation: You occasionally shout uncontrollably at your foes. [potion of mutation]
 12358 | Lair:2   | Gained mutation: You are clumsy. (Dex -2) [potion of mutation]
 12358 | Lair:2   | Gained mutation: Your flesh is heat resistant. (rF+) [potion of mutation]
 12359 | Lair:2   | Lost mutation: You occasionally shout uncontrollably at your foes. [potion of mutation]
 12359 | Lair:2   | Lost mutation: Your flesh is heat resistant. (rF+) [potion of mutation]
 12359 | Lair:2   | Lost mutation: You are clumsy. (Dex -2) [potion of mutation]
 12359 | Lair:2   | Gained mutation: You have sharp toenails. [potion of mutation]
 12359 | Lair:2   | Gained mutation: You expend magic power (3 MP) to strengthen your wands. [potion of mutation]
 12359 | Lair:2   | Gained mutation: You are surrounded by a mild repulsion field. (EV +2) [potion of mutation]
 12359 | Lair:2   | Gained mutation: Your mind is acute. (Int +2) [potion of mutation]
 12391 | Lair:3   | Found a frozen archway.
 12426 | IceCv    | Entered an ice cave
 12445 | Lair:3   | Identified a scroll of acquirement
 12463 | Lair:3   | Got a slimy plate armour
 12559 | Lair:3   | Identified the +1 plate armour of Grot {rC+} (You acquired it on level 3 of the Lair of Beasts)
 12710 | Lair:3   | Slain by a polar bear

Skill      XL: |  1  2  3  4  5  6  7  8  9 10 11 |
---------------+----------------------------------+-----
Stealth        | 3 |  3.1
Necromancy     | 5 6 7 8 9 |  9.2
Fighting       | 1 2 3 6 7 |  7.6
Maces & Flails | 2 4 6 7 |  7.1
Spellcasting   | 4 |  4.3
Dodging        | 3 6 7 |  7.6
Charms         | 3 4 |  4.5

Action                   |  1- 3 |  4- 6 |  7- 9 | 10-12 || total
-------------------------+-------+-------+-------+-------++-------
Melee: Unarmed           |     5 |       |       |       ||     5
       Whip              |    65 |    59 |   271 |   111 ||   506
       Short sword       |       |       |     1 |       ||     1
       Headbutt          |       |       |       |    12 ||    12
 Fire: Blowgun           |     5 |    45 |    28 |     1 ||    79
Throw: Stone             |     1 |     4 |     2 |       ||     7
 Cast: Pain              |    40 |    50 |    41 |    20 ||   151
       Vampiric Draining |     1 |     8 |    25 |    23 ||    57
       Animate Skeleton  |       |       |    16 |    13 ||    29
       Regeneration      |       |       |     1 |     7 ||     8
       Confuse           |       |       |     1 |     2 ||     3
       Sublimation of Bl |       |       |       |     1 ||     1
Evoke: Wand              |       |       |     2 |     9 ||    11
  Use: Scroll            |       |       |     9 |     9 ||    18
       Potion            |       |       |    10 |     6 ||    16
 Stab: Sleeping          |     2 |     3 |     8 |     2 ||    15
       Distracted        |       |       |     1 |       ||     1
  Eat: Chunk             |     4 |     8 |     8 |     4 ||    24
       Ration            |     1 |       |     3 |     2 ||     6
Armor: Robe              |    29 |     5 |    54 |    18 ||   106
Dodge: Dodged            |    68 |    52 |   179 |   109 ||   408
